 Dungeon Crawl Stone Soup version 0.26-a0-837-g5a8a614f01 (webtiles) character file.

Game seed: 10175770307318916204

36 Morbidden the Skirmisher (level 3, -9/30 HPs)
             Began as a Demonspawn Chaos Knight on Nov 18, 2020.
             Was a Plaything of Xom.
             Mangled by a komodo dragon (shapeshifter) (21 damage)
             ... on level 2 of the Dungeon.
             The game lasted 00:01:21 (947 turns).

Morbidden the Skirmisher (Demonspawn Chaos Knight)   Turns: 947, Time: 00:01:22

Health: -9/30      AC:  8    Str: 13    XL:     3   Next: 19%
Magic:  3/3        EV:  8    Int: 13    God:    Xom [....*.]
Gold:   59         SH:  6    Dex: 12    Spells: 2/2 levels left

rFire    . . .     SeeInvis .   a - +0 falchion (chaos)
rCold    . . .     Faith    .   o - +0 kite shield
rNeg     . . .     Spirit   .   b - +2 leather armour
rPois    .         Reflect  .   n - +0 helmet
rElec    .         Harm     .   (no cloak)
rCorr    .         Rampage  .   (no gloves)
MR       .....                  (no boots)
Stlth    ++........             (no amulet)
HPRegen  0.10/turn              p - ring of stealth
MPRegen  0.08/turn              (no ring)

@: no status effects
A: iridescent scales 1, powered by death 1
a: Renounce Religion


You were on level 2 of the Dungeon.
You worshipped Xom.
You were a beloved toy of Xom.
You visited 1 branch of the dungeon, and saw 2 of its levels.

You collected 59 gold pieces.

Inventory:

Hand Weapons
 a - a +0 falchion of chaos (weapon)
Missiles
 l - 7 boomerangs (quivered)
Armour
 b - a +2 leather armour (worn)
 n - a +0 helmet (worn)
 o - a +0 kite shield (worn)
Jewellery
 p - a ring of stealth (left hand)
Scrolls
 c - 3 scrolls of amnesia {unknown}
 e - 3 scrolls of identify {unknown}
 g - a scroll of teleportation {unknown}
 i - a scroll of random uselessness {unknown}
 j - 2 scrolls of fear {unknown}
 k - a scroll of enchant armour {unknown}
 m - a scroll of fog {unknown}
Potions
 d - 2 potions of curing {unknown}
 f - 2 potions of attraction {unknown}
 h - a potion of heal wounds {unknown}


   Skills:
 + Level 3.7 Fighting
 + Level 3.1 Long Blades
 + Level 1.8 Armour
 + Level 1.2 Dodging


You had 2 spell levels left.
You didn't know any spells.
Your spell library was empty.

Dungeon Overview and Level Annotations

Branches:
Dungeon (2/15)

Altars:


Innate Abilities, Weirdness & Mutations

You are partially covered in iridescent scales. (AC +2)
You regenerate a little health from kills.


Message History

Unknown command.
You are too injured to fight recklessly!
You are too injured to fight recklessly!
You are too injured to fight recklessly!
You are too injured to fight recklessly!
You are too injured to fight recklessly!
Unknown command.
You hit the jackal.
The jackal changes into a shapeshifter!
Xom thinks this is hilarious!
The shapeshifter is lightly wounded.
The shapeshifter changes into something you cannot see!
You hit something but do no damage.
A komodo dragon appears out of thin air!
Reactivating autopickup.
Unknown command.
You hit the komodo dragon but do no damage.
The komodo dragon bites you!!
Ouch! That really hurt!
You die...
Xom chuckles heartily!

*,*,* #......#...#
,,,,* #....[.#...####
,,,,* #.........<...#
,,,,*
#......######.#######
,,,,*
#........)...†.......
,,,,*
#..[.....####.#######
,,,>* #......†.# #.#
,,,** ##.......# #.#
**** *******###@#####
#.# *,,,,,,,*#l#****
#.# *,,......{hl...#
#.# *
*,,.......°†...# #.#
* *,,............#
*,* *
*,,............# *,*
* *,,............#
*,* *
*,,............# *,*
* **,#####.......#
*,* *


You could see 2 komodo dragons and a jackal.

Vanquished Creatures
  A dart slug (D:1)
  A leopard gecko (D:1)
  3 giant cockroaches (D:1)
  2 goblins
  4 hobgoblins (D:1)
  6 jackals (D:2)
  4 kobolds
  3 bats (D:1)
  3 frilled lizards (D:1)
  2 rats
29 creatures vanquished.

Notes
Turn   | Place    | Note
-------+----------+-------------------------------------------
     0 | D:1      | Morbidden the Demonspawn Chaos Knight began the quest for
                  | the Orb.
     0 | D:1      | Reached XP level 1. HP: 18/18 MP: 1/1
    34 | D:1      | XOM: silly message
    57 | D:1      | Reached skill level 1 in Dodging
    78 | D:1      | XOM: divination: magic mapping
   371 | D:1      | Gained mutation: You are partially covered in iridescent
                  | scales. (AC +2) [demonic ancestry]
   371 | D:1      | Reached XP level 2. HP: 17/24 MP: 2/2
   618 | D:1      | XOM: silly message
   653 | D:1      | XOM: divination: magic mapping
   759 | D:1      | XOM: cloud trail
   804 | D:1      | XOM: scenery: 1 doors open
   884 | D:2      | Gained mutation: You regenerate a little health from kills.
                  | [demonic ancestry]
   884 | D:2      | Reached XP level 3. HP: 25/30 MP: 3/3
   937 | D:2      | XOM: smoke on damage
   941 | D:2      | XOM: divination: magic mapping
   945 | D:2      | Noticed a shapeshifter
   945 | D:2      | a jackal changed into a shapeshifter
   945 | D:2      | a shapeshifter changed into something unseen
   946 | D:2      | Noticed a komodo dragon
   947 | D:2      | Mangled by a komodo dragon (shapeshifter)

Illustrated notes

Levels and vault maps discovered:
D:1:      wander_arrival_estate, layout_basic, minmay_pentomino_z4
D:2:      layout_basic

Skill      XL: |  1  2 |
---------------+-------+-----
Dodging        | 1 |  1.2
Long Blades    | 3 |  3.1
Fighting       | |  3.7
Armour         | |  1.8

Action                   || total
-------------------------++-------
Melee: Falchion          ||    70
 Stab: Distracted        ||     1
Armor: Leather armour    ||    32
Dodge: Dodged            ||    54
Block: Kite shield       ||     4
       Rpst.: Falchion   ||    23

Table legend: (Time is in decaauts)
 A = Elapsed time spent in this place.
 B = Non-inter-level travel time spent in this place.
 C = Inter-level travel time spent in this place.
 D = Time resting spent in this place.
 E = Time spent auto-exploring this place.
 F = Levels seen in this place.
 G = Mean time per level.
                   A        B        C        D        E       F      G
               +--------+--------+--------+--------+--------+-----+--------+
         Total |    957 |    899 |     58 |      0 |    704 |   2 |  478.5 |
       Dungeon |    957 |    899 |     58 |      0 |    704 |   2 |  478.5 |
               +--------+--------+--------+--------+--------+-----+--------+

Top non-repeatable levels by time:
     D:1: 876 daAuts
     D:2: 80 daAuts
